 Dungeon Crawl Stone Soup version 0.27-a0-1123-g2f9bb313c0 (webtiles) character file.

Game seed: 9287104809542515329

195 reriks the Sneak (level 5, 0/31 HPs)
             Began as an Octopode Fire Elementalist on May 3, 2021.
             Slain by a hound (5 damage)
             ... on level 4 of the Dungeon.
             The game lasted 00:09:57 (7615 turns).

reriks the Sneak (Octopode Fire Elementalist)       Turns: 7615, Time: 00:09:58

Health: 0/31       AC:  1    Str:  7    XL:     5   Next: 74%
Magic:  6/9        EV: 13    Int: 18    God:
Gold:   106        SH:  0    Dex: 13    Spells: 2/9 levels left

rFire    . . .     SeeInvis .   o - +2 hunting sling
rCold    . . .     Faith    .   (no shield)
rNeg     . . .     Spirit   .   (helmet restricted)
rPois    .         Reflect  .   e - amulet of regeneration
rElec    .         Harm     .   (no ring)
rCorr    .         Rampage  .   (no ring)
Will     .....                  (no ring)
Stlth    ++++......             (no ring)
HPRegen  1.10/turn              (no ring)
MPRegen  0.11/turn              (no ring)
                                (no ring)
                                (no ring)

@: no status effects
A: almost no armour, amphibious, 8 rings, camouflage 1, gelatinous body 1,
(nimble swimmer 1), tentacles
a: no special abilities


You were on level 4 of the Dungeon.
You visited 1 branch of the dungeon, and saw 4 of its levels.

You collected 106 gold pieces.

Inventory:

Hand Weapons
 b - a +0 club
 o - a +2 hunting sling (weapon)
Missiles
 p - 83 stones (quivered ammo)
Jewellery
 e - an amulet of regeneration (around mantle)
Scrolls
 a - a scroll of enchant weapon
 c - 3 scrolls of identify
 f - 2 scrolls of fear
 l - a scroll of teleportation
Potions
 d - a potion of ambrosia {unknown}
 h - a potion of resistance {unknown}
 j - 2 potions of degeneration
 m - a potion of brilliance {unknown}
 n - a potion of lignification {unknown}
 q - 2 potions of flight {unknown}


   Skills:
 + Level 0.7 Slings
 + Level 3.0 Dodging
 + Level 4.4 Stealth
 + Level 2.8 Spellcasting
 + Level 2.4 Conjurations
 + Level 3.7 Fire Magic


You had 2 spell levels left.
You knew the following spells:

 Your Spells              Type           Power      Damage    Failure   Level
a - Foxfire               Conj/Fire      52%        2x1d6     4%          1
b - Conjure Flame         Conj/Fire      13%        6-21      14%         3
c - Inner Flame           Hex/Fire       9%         N/A       22%         3

Your spell library contained the following spells:

 Spells                   Type           Power      Damage    Failure   Level
 Sticky Flame             Conj/Fire      13%        2d4       43%         4
 Confusing Touch          Hex            2%         N/A       45%         3
 Gell's Gravitas          Tloc           1%         N/A       45%         3
 Fireball                 Conj/Fire      6%         3d5       78%         5
 Petrify                  Tmut/Erth      2%         N/A       86%         4
 Metabolic Englaciation   Hex/Ice        1%         N/A       99%         5
 Yara's Violent Unravell  Hex/Tmut       1%         3d3       99%         5


Dungeon Overview and Level Annotations

Branches:
Dungeon (4/15)
 Temple: D:4-7

Altars:

Annotations:
D:2 exclusion: door


Innate Abilities, Weirdness & Mutations

You cannot wear most types of armour.
You are amphibious.
You can wear up to eight rings at the same time.
Your skin changes colour to match your surroundings (Stealth+).
Your rubbery body absorbs attacks. (AC +1, EV +1)
((You are camouflaged near water. (Stealth+)))
You have tentacles for arms and can constrict up to eight enemies at once.


Message History

You conjure some foxfire!
The foxfire hits the iguana.
The iguana is moderately wounded.
The iguana hisses angrily.
Your foxfire dissipates!
Casting: Foxfire (safe; 4% risk of failure)
Confirm with . or Enter, or press ? or * to list all spells.
You conjure some foxfire!
The foxfire hits the iguana but does no damage.
The iguana is moderately wounded.
The iguana hisses menacingly.
The foxfire hits the iguana but does no damage.
The iguana is moderately wounded.
Casting: Foxfire (safe; 4% risk of failure)
Confirm with . or Enter, or press ? or * to list all spells.
You conjure some foxfire!
The foxfire hits the iguana but does no damage.
The iguana is moderately wounded.
The foxfire hits the iguana.
The iguana is heavily wounded.
Casting: Foxfire (safe; 4% risk of failure)
Confirm with . or Enter, or press ? or * to list all spells.
You conjure some foxfire!
A hound comes into view.
The iguana bites you!
The foxfire hits the iguana but does no damage.
The iguana is heavily wounded.
The foxfire hits the hound.
The hound is moderately wounded.
The hound bites you. The iguana bites you!
Casting: Foxfire (safe; 4% risk of failure)
Confirm with . or Enter, or press ? or * to list all spells.
You conjure some foxfire!
The hound misses you. The iguana bites you!
* * * LOW HITPOINT WARNING * * *
The foxfire hits the iguana but does no damage.
The iguana is heavily wounded.
The foxfire hits the iguana but does no damage.
The iguana is heavily wounded.
The hound barely misses you. The hound bites you.
You die...

...###.#.#.#.#.#.# ...#
#.#.#.#.#.#.# ####
#.#...#.#.#.#
#.##..#.#.#.#
#.##..#.#.#.#
######.##.)#.#.#.#
.......##..#.#.#.#
.............#.#.#####
##############.h@l...###
...............#.....<.#
##############.#####.###
# .......l....# .
####.######## # #.# ..#
#.# ##


You could see an iguana and a hound.

Vanquished Creatures
  An orc priest (D:4)
  An orc wizard (D:4)
  Robin (D:2)
  5 adders (D:2)
  A worm (D:2)
  A dart slug (D:4)
  4 orcs
  7 ball pythons
  5 endoplasms
  2 giant cockroaches
  14 goblins
  8 hobgoblins
  5 jackals
  3 kobolds
  4 quokkas
  3 bats
  3 rats
68 creatures vanquished.

Vanquished Creatures (others)
  270 foxfires
270 creatures vanquished.

Grand Total: 338 creatures vanquished

Notes
Turn   | Place    | Note
-------+----------+-------------------------------------------
     0 | D:1      | reriks the Octopode Fire Elementalist began the quest for
                  | the Orb.
     0 | D:1      | Reached XP level 1. HP: 11/11 MP: 3/3
   350 | D:1      | Reached XP level 2. HP: 16/17 MP: 1/5
   425 | D:1      | Reached skill level 3 in Stealth
  1829 | D:1      | Reached XP level 3. HP: 21/21 MP: 2/6
  2087 | D:1      | Learned a level 3 spell: Conjure Flame
  2305 | D:2      | Found a faded altar of an unknown god.
  3409 | D:2      | Reached XP level 4. HP: 27/27 MP: 0/7
  5002 | D:2      | Noticed Robin
  5347 | D:2      | Killed Robin
  5348 | D:2      | Reached skill level 4 in Stealth
  5560 | D:2      | Reached XP level 5. HP: 31/31 MP: 6/9
  6484 | D:3      | Noticed a centaur
  6719 | D:2      | Learned a level 3 spell: Inner Flame
  7615 | D:4      | Slain by a hound

Illustrated notes

Levels and vault maps discovered:
D:1:      amcnicky_arrival_abandoned_market, layout_loops_ring
D:2:      layout_basic, hellmonk_ecumenical_altar_run_dry, minmay_snake_closets,
          uniq_robin
D:3:      kb_forest_paths, layout_basic, serial_shops, shop
D:4:      layout_basic, minmay_temple_entry_ruins

Skill      XL: |  1  2  3  4  5 |
---------------+----------------+-----
Stealth        | 3 4 |  4.4
Conjurations   | 2 |  2.4
Dodging        | 3 |  3.0
Slings         | |  0.7
Spellcasting   | |  2.8
Fire Magic     | |  3.7

Action                   |  1- 3 |  4- 6 || total
-------------------------+-------+-------++-------
Melee: Unarmed           |     4 |       ||     4
       Tentacles         |     3 |     2 ||     5
       Constrict         |     3 |     1 ||     4
       Club              |     6 |     3 ||     9
       Hunting sling     |       |     6 ||     6
 Fire: Hunting sling     |       |     7 ||     7
 Cast: Foxfire           |    83 |    94 ||   177
  Use: Scroll            |       |     9 ||     9
Armor: Skin              |     5 |     3 ||     8
Dodge: Dodged            |    14 |    35 ||    49

Table legend: (Time is in decaauts)
 A = Elapsed time spent in this place.
 B = Non-inter-level travel time spent in this place.
 C = Inter-level travel time spent in this place.
 D = Time resting spent in this place.
 E = Time spent auto-exploring this place.
 F = Levels seen in this place.
 G = Mean time per level.
                   A        B        C        D        E       F      G
               +--------+--------+--------+--------+--------+-----+--------+
         Total |   7627 |   7055 |    572 |   4040 |   2222 |   4 | 1906.8 |
       Dungeon |   7627 |   7055 |    572 |   4040 |   2222 |   4 | 1906.8 |
               +--------+--------+--------+--------+--------+-----+--------+

Top non-repeatable levels by time:
     D:2: 3945 daAuts
     D:1: 2598 daAuts
     D:4: 590 daAuts
     D:3: 493 daAuts
